 Dungeon Crawl Stone Soup version 0.26.1-10-gdfb7c7de75 (webtiles) character file.

Game seed: 4309410029538616041

1512 septik the Grappler (level 8, -3/81 HPs)
             Began as a Troll Warper on Mar 31, 2021.
             Was an Initiate of Gozag.
             Slain by Pikel
             ... wielding a +2 whip of electrocution
              (20 damage)
             ... on level 5 of the Dungeon.
             The game lasted 00:28:34 (5848 turns).

septik the Grappler (Troll Warper)                  Turns: 5848, Time: 00:28:38

Health: -3/81      AC:  9    Str: 22    XL:     8   Next: 53%
Magic:  8/8        EV: 10    Int:  9    God:    Gozag
Gold:   631        SH:  0    Dex:  9    Spells: 7/9 levels left

rFire    . . .     SeeInvis .     - Unarmed
rCold    . . .     Faith    .   (no shield)
rNeg     . . .     Spirit   .   a - +0 robe
rPois    .         Reflect  .   (helmet restricted)
rElec    .         Harm     .   t - +2 cloak
rCorr    .         Rampage  .   (gloves unavailable)
Will     .....                  (boots unavailable)
Stlth    +.........             (no amulet)
HPRegen  0.63/turn              (no ring)
MPRegen  0.11/turn              (no ring)

@: no status effects
A: large, unfitting armour, claws 3, regeneration 1, shaggy fur 1, tough skin 3
a: Renounce Religion, Potion Petition, Call Merchant, Bribe Branch


You were on level 5 of the Dungeon.
You worshipped Gozag.
Gozag was pleased with you.
You visited 1 branch of the dungeon, and saw 5 of its levels.
You also visited: Sewer.

You collected 691 gold pieces.
You paid 60 gold pieces to Gozag.

Inventory:

Missiles
 d - 5 boomerangs of dispersal
 e - 174 stones (quivered)
 f - 10 poisoned darts
 x - 5 boomerangs
 y - 5 javelins
 A - a throwing net
 B - 4 large rocks
Armour
 a - a +0 robe (worn)
 t - a +2 cloak (worn)
Jewellery
 g - an uncursed amulet of faith
 n - a cursed amulet of reflection
 p - a +4 ring of evasion
 r - an uncursed ring of magical power
 v - an uncursed amulet of the acrobat {unknown}
Wands
 s - a wand of digging (15)
 u - a wand of flame (13)
Scrolls
 b - 5 scrolls of identify
 c - 2 scrolls of blinking
 i - 7 scrolls of remove curse
 o - a scroll of teleportation
 C - a scroll of fog
Potions
 h - a potion of haste
 j - 5 potions of heal wounds
 k - 3 potions of invisibility
 l - 11 potions of curing
 m - a potion of brilliance
 q - a potion of magic {unknown}
 w - 2 potions of mutation {unknown}
 z - 3 potions of flight {unknown}


   Skills:
 + Level 5.4 Fighting
 - Level 0.8 Throwing
 - Level 1.9 Dodging
 - Level 9.0 Unarmed Combat
 - Level 1.2 Spellcasting
 - Level 2.1 Translocations


You had 7 spell levels left.
You knew the following spells:

 Your Spells              Type           Power        Failure   Level
a - Blink                 Tloc           N/A          22%         2

Your spell library contained the following spells:

 Spells                   Type           Power        Failure   Level
 Gell's Gravitas          Tloc           2%           41%         3
 Lesser Beckoning         Tloc           2%           41%         3
 Teleport Other           Tloc           4%           41%         3
 Passage of Golubria      Tloc           N/A          82%         4


Dungeon Overview and Level Annotations

Branches:
Dungeon (5/15)              Sewer (visited)
 Temple: D:4-7

Altars:
Gozag

Annotations:
D:1 exclusion: downstairs
D:5 Pikel


Innate Abilities, Weirdness & Mutations

You are too large for most types of armour.
You have claws for hands.
Your natural rate of healing is unusually fast.
You are covered in fur. (AC +1)
You have extremely tough skin. (AC +3)


Message History

Pikel is lightly wounded.
Pikel closely misses you.
You barely miss Pikel.
Pikel is lightly wounded.
Pikel hits you with a +2 whip of electrocution.
You are electrocuted!
You barely miss Pikel.
Pikel is lightly wounded.
Pikel hits you with a +2 whip of electrocution.
* * * LOW HITPOINT WARNING * * *
You closely miss Pikel.
Pikel is lightly wounded.
Pikel barely misses you.
You barely miss Pikel.
Pikel is lightly wounded.
Pikel hits you with a +2 whip of electrocution.
* * * LOW HITPOINT WARNING * * *
You are electrocuted!!
You die...
Your body crumbles into a pile of gold.

#.# #.# #.# #.# # #.# #.#
$ #.#.# #.# ##.#.###.#
#### ##........#
#....###.###..####
#(.....K.# #..###########
#..#####@###.............
##.....###########
##.#..# #..... ####.#..#
#.#### ..<..#..## #.# #
...>.....#####.# #
########.........# #
.......<.#.####### #
##########.# #


You could see Pikel.

Vanquished Creatures
  Sigmund (D:5)
  Eustachio (D:5)
  Menkaure (D:5)
  2 ogres
  4 big kobolds (Sewer)
  3 lemures (D:5)
  A howler monkey (D:5)
  An orc priest (D:4)
  Crazy Yiuf (D:2)
  A bullfrog skeleton (D:4)
  4 orc wizards (D:4)
  Natasha (thrice) (D:4)
  2 worker ants (D:5)
  6 adders
  9 gnolls
  2 river rats (D:4)
  2 white imps
  An ooze (D:3)
  3 dart slugs
  4 leopard geckos
  15 orcs
  5 ball pythons
  7 giant cockroaches
  5 goblins
  4 hobgoblins
  6 jackals
  9 bats
  6 frilled lizards
  15 kobolds
  14 rats
  A bush (D:2)
139 creatures vanquished.

Vanquished Creatures (others)
  A plant (D:1)
1 creature vanquished.

Grand Total: 140 creatures vanquished

Notes
Turn   | Place    | Note
-------+----------+-------------------------------------------
     0 | D:1      | septik the Troll Warper began the quest for the Orb.
     0 | D:1      | Reached XP level 1. HP: 19/19 MP: 1/1
   246 | D:1      | Reached XP level 2. HP: 28/28 MP: 2/2
   789 | D:1      | Reached skill level 3 in Unarmed Combat
  1196 | D:2      | Reached XP level 3. HP: 35/35 MP: 3/3
  1725 | D:2      | Reached XP level 4. HP: 45/45 MP: 4/4
  2318 | D:2      | Reached skill level 4 in Unarmed Combat
  2377 | D:2      | Found a runed translucent door.
  2378 | D:2      | Noticed Crazy Yiuf
  2386 | D:2      | Killed Crazy Yiuf
  2387 | D:2      | Reached XP level 5. HP: 31/53 MP: 5/5
  2636 | D:3      | Learned a level 2 spell: Blink
  3282 | D:3      | Found an opulent altar of Gozag.
  3287 | D:3      | Became a worshipper of Gozag Ym Sagoz the Greedy
  3361 | D:3      | Reached skill level 5 in Unarmed Combat
  3661 | D:4      | Noticed Natasha
  3679 | D:4      | Killed Natasha
  3713 | D:4      | Reached XP level 6. HP: 61/61 MP: 6/6
  3890 | D:4      | Found a glowing drain.
  3936 | Sewer    | Entered a sewer
  4147 | Sewer    | Reached skill level 6 in Unarmed Combat
  4147 | Sewer    | Reached XP level 7. HP: 65/70 MP: 7/7
  4343 | D:4      | Reached skill level 7 in Unarmed Combat
  4459 | D:4      | Noticed Natasha
  4472 | D:4      | Killed Natasha
  4629 | D:4      | Noticed Natasha
  4642 | D:4      | Killed Natasha
  4731 | D:4      | Reached skill level 5 in Fighting
  5387 | D:5      | Entered Level 5 of the Dungeon
  5451 | D:5      | Noticed Menkaure
  5460 | D:5      | Killed Menkaure
  5461 | D:5      | Reached XP level 8. HP: 56/80 MP: 8/8
  5499 | D:5      | Noticed Sigmund
  5503 | D:5      | Killed Sigmund
  5504 | D:5      | Reached skill level 8 in Unarmed Combat
  5816 | D:5      | Noticed Eustachio
  5827 | D:5      | Killed Eustachio
  5828 | D:5      | Reached skill level 9 in Unarmed Combat
  5838 | D:5      | Noticed Pikel
  5848 | D:5      | Slain by Pikel

Illustrated notes

Levels and vault maps discovered:
D:1:      tarquinn_simple_flora_water_e, layout_basic, hangedman_glass_teeth
D:2:      layout_loops_corners, uniq_crazy_yiuf_cottage
D:3:      minmay_door_path, layout_rooms,
          nicolae_gozag_cash_rules_everything_around_me,
          kennysheep_generic_room_7
D:4:      layout_loops_ring, portal_sewer_entry_c, uniq_natasha
D:5:      layout_loops_ring, temple_green, basic_altar,
          kennysheep_generic_room_16, uniq_sigmund, uniq_menkaure, uniq_pikel,
          uniq_eustachio

Skill      XL: |  1  2  3  4  5  6  7  8 |
---------------+-------------------------+-----
Fighting       | 2 3 4 5 |  5.4
Unarmed Combat | 3 4 5 6 7 9 |  9.0
Throwing       | |  0.8
Dodging        | |  1.9
Spellcasting   | |  1.2
Translocations | |  2.1

Action                   |  1- 3 |  4- 6 |  7- 9 || total
-------------------------+-------+-------+-------++-------
Melee: Unarmed           |   104 |   180 |   119 ||   403
       Punch             |       |     5 |     5 ||    10
Throw: Stone             |    14 |    72 |    43 ||   129
       Large rock        |       |       |     4 ||     4
  Use: Scroll            |     1 |    13 |       ||    14
 Stab: Sleeping          |     1 |     1 |       ||     2
Armor: Robe              |    39 |    53 |    24 ||   116
Dodge: Dodged            |    40 |    63 |    38 ||   141
